 Dungeon Crawl Stone Soup version 0.23.2-1-ga50397a6bc (webtiles) character file.

Game seed: 16570766416731173676

197827 Gargoyl the Whirler (level 18, 0/154 HPs)
             Began as a Centaur Abyssal Knight on May 3, 2019.
             Was a Priest of Lugonu.
             Killed by static electricity
             ... invoked by an insubstantial wisp
              (5 damage)
             ... on level 3 of the Swamp.
             The game lasted 01:33:51 (42253 turns).

Gargoyl the Whirler (Centaur Abyssal Knight)       Turns: 42253, Time: 01:33:52

Health: 0/154      AC: 24    Str: 20    XL:     18   Next: 19%
Magic:  28/28      EV:  7    Int: 11    God:    Lugonu [***...]
Gold:   2506       SH: 10    Dex: 12    Spells: 17/17 levels left

rFire    . . .     SeeInvis .   J - +3 broad axe (flame)
rCold    . . .     Gourm    .   W - +1 shield
rNeg     . . .     Faith    .   i - +2 plate armour {MR+}
rPois    +         Spirit   .   C - +2 helmet
rElec    .         Reflect  .   I - scarf {repulsion}
rCorr    .         Harm     .   (no gloves)
MR       +++..                  K - +0 centaur barding
Stlth    ..........             Q - amulet of regeneration
HPRegen  0.75/turn              u - +3 ring of evasion
MPRegen  0.21/turn              U - ring of protection from magic

@: studying Earth Magic, repel missiles, very slow
A: large, hooves 3, clumsy 1, deformed body, speed 2, mutation resistance 1,
poison resistance, strong 1, tough skin 3, subdued magic 1
a: Depart the Abyss, Bend Space, Banish, Renounce Religion


You were on level 3 of the Swamp.
You worshipped Lugonu.
Lugonu was most pleased with you.
You were not hungry.

You visited 5 branches of the dungeon, and saw 27 of its levels.
You visited the Abyss 2 times.
You also visited: Volcano.

You collected 3195 gold pieces.
You spent 689 gold pieces at shops.

Inventory:

Hand Weapons
 d - the +6 fustibalus "Texatrai" {venom, rF+}
   (You found it on level 2 of the Abyss)

   It poisons the ammo it fires.
   It protects you from fire.
 j - a +1 war axe of chopping
 l - a +2 hunting sling of flaming
 y - a +2 vampiric broad axe
 D - a +3 war axe of draining
 H - a +2 war axe of draining
 J - a +3 broad axe of flaming (weapon)
Missiles
 h - 391 stones (quivered)
 o - 4 javelins of penetration
Armour
 i - a +2 plate armour of magic resistance (worn)
 C - a +2 helmet (worn)
 I - a scarf of repulsion (worn)
 K - a +0 centaur barding (worn)
 O - a +3 plate armour of fire resistance
 W - a +1 shield (worn)
Jewellery
 u - a +3 ring of evasion (left hand)
 x - an uncursed ring of resist corrosion
 Q - an amulet of regeneration (around neck)
 S - an uncursed ring of wizardry
 U - a ring of protection from magic (right hand)
Wands
 e - a wand of enslavement (10)
 r - a wand of paralysis (31)
 w - a wand of polymorph (9)
 A - a wand of scattershot (14)
 E - a wand of disintegration (25)
 G - a wand of clouds (3)
 L - a wand of flame (50)
 N - a wand of acid (15)
 V - a wand of random effects (17)
Scrolls
 g - 9 scrolls of identify
 m - 3 scrolls of teleportation
 n - 4 scrolls of remove curse
 s - 6 scrolls of amnesia
 M - 2 scrolls of magic mapping
 P - a scroll of enchant armour
 R - 2 scrolls of silence
Potions
 b - 2 potions of agility
 f - 2 potions of curing
 k - 3 potions of haste
 p - 2 potions of might
 q - 2 potions of cancellation
 t - a potion of resistance
 v - 2 potions of brilliance
 z - 4 potions of lignification
 B - a potion of berserk rage
Books
 F - a manual of Earth Magic
Miscellaneous
 a - a lightning rod (4/4)
Comestibles
 c - 27 rations


   Skills:
 + Level 12.1 Fighting
 + Level 7.2 Axes
   Level 0.8(4.5) Maces & Flails
 + Level 15.7(15.8) Slings
 + Level 2.7(10.9) Throwing
 * Level 11.7 Armour
 * Level 9.6 Dodging
 + Level 3.5 Shields
 + Level 2.6 Earth Magic
 * Level 13.3 Invocations
 + Level 1.6 Evocations


You had 17 spell levels left.
You didn't know any spells.
Your spell library contained the following spells:

 Spells                   Type           Power        Failure   Level  Hunger
 Sandblast                Erth           #.....       99%         1    ##.....
 Corona                   Hex            #......      100%        1    ##.....
 Freeze                   Ice            #...         100%        1    ##.....
 Passwall                 Tmut/Erth      #.......     100%        2    ###....
 Slow                     Hex            #.......     100%        2    ###....
 Ignite Poison            Fire/Tmut/Pois #.......     100%        3    ####...
 Inner Flame              Hex/Fire       #.......     100%        3    ####...
 Portal Projectile        Hex/Tloc       #.....       100%        3    ####...
 Stone Arrow              Conj/Erth      #.....       100%        3    ####...
 Cause Fear               Hex            #.........   100%        4    #####..
 Leda's Liquefaction      Hex/Erth       #.........   100%        4    #####..
 Petrify                  Tmut/Erth      #.......     100%        4    #####..
 Throw Icicle             Conj/Ice       #.......     100%        4    #####..
 Fireball                 Conj/Fire      #.........   100%        5    ######.
 Lee's Rapid Deconstruct  Erth           #.........   100%        5    ######.
 Bolt of Fire             Conj/Fire      #.........   100%        6    #######
 Freezing Cloud           Conj/Ice/Air   #.........   100%        6    #######
 Simulacrum               Ice/Necr       #.........   100%        6    #######
 Ring of Flames           Chrm/Fire      #.........   100%        7    #######
 Ignition                 Fire           #.........   100%        8    #######


Dungeon Overview and Level Annotations

Branches:
Dungeon (15/15)            Temple (0/1) D:4            Lair (6/6) D:9
  Swamp (3/4) Lair:3       Spider (1/4) Lair:3        Slime (0/5) Lair:6
    Orc (2/2) D:11            Elf (0/3) Orc:2        Vaults (0/5) D:13
 Depths (0/5) D:15

Altars:
Cheibriados
Dithmenos
Elyvilon
Fedhas
Gozag
Hepliaklqana
Kikubaaqudgha
Makhleb
Nemelex Xobeh
Okawaru
Ru
Sif Muna
Vehumet
Xom
Yredelemnul
The Shining One
Beogh
Jiyva

Shops:
D:9 (   D:10 }   D:11 !   D:12 [   D:15 }   Orc:1 !   Orc:2 ([:*

Portals:
Hell: Lair:6

Annotations:
Abyss:1 grerr's ghost, adept DsAK


Innate Abilities, Weirdness & Mutations

You have hooves in place of feet.
Armour fits poorly on your strangely shaped body.
You cover ground very quickly.
You have extremely tough skin. (AC +3)
You are clumsy. (Dex -2)
You are somewhat resistant to further mutation.
Your system is resistant to poisons. (rPois)
Your muscles are strong. (Str +2)
Your spells are a little easier to cast, but a little less powerful.


Message History

The six-headed hydra bites you!
* * * LOW HITPOINT WARNING * * *
The six-headed hydra bites you but does no damage.
You block the six-headed hydra's attack.
The six-headed hydra bites you but does no damage.
You feel better.
The insubstantial wisp thrums sharply.
You are struck by an arc of lightning!
* * * LOW HITPOINT WARNING * * *
The six-headed hydra is struck by an arc of lightning.
You are struck by an arc of lightning.
* * * LOW HITPOINT WARNING * * *
The swamp worm is struck by an arc of lightning.
The six-headed hydra is struck by an arc of lightning!
You are struck by an arc of lightning.
* * * LOW HITPOINT WARNING * * *
The swamp worm is struck by an arc of lightning! x2
The swamp worm dies!
You are struck by an arc of lightning.
You die...

♣♣♣♣ ♣♣♣♣♣♣♣♣♣♣
♣♣♣♣♣♣♣♣♣≈≈♣♣♣♣≈†.≈...≈♣♣
♣.≈♣.≈...≈..≈≈≈@v≈≈≈≈≈.≈♣
♣...<≈≈≈≈§≈≈≈≈≈≈D≈≈≈≈≈≈≈♣
♣≈.....≈≈≈≈≈≈≈≈.≈≈≈≈≈..♣♣
♣.≈≈.♣♣.≈≈≈≈≈≈≈.....§≈.≈♣
♣♣.≈.≈♣♣.≈≈≈≈§.♣.....≈..♣
♣♣≈.......≈≈..≈≈†.§≈...♣♣
♣♣♣.≈≈≈...♣♣≈..≈♣♣♣♣♣..♣
♣.≈≈≈≈.≈♣♣♣..♣♣≈♣♣♣.≈♣
♣♣≈≈≈≈§♣♣ ♣♣†§♣≈♣♣..♣♣


You could see a six-headed hydra and an insubstantial wisp.

Vanquished Creatures
  Jorgrun (D:15)
  Gastronok (Lair:1)
  A thorn hunter (Swamp:2)
  3 orc warlords
  Nessos (D:13)
  A red draconian (Volcano)
  A great orb of eyes (Abyss:1)
  A yaktaur captain (D:15)
  Harold (Lair:1)
  16 hydras
  A shambling mangrove (Swamp:2)
  A catoblepas (Lair:6)
  A ghost crab (Swamp:2)
  9 two-headed ogres
  9 centaur warriors
  An ogre mage (Volcano)
  4 alligators
  An orc high priest (Orc:2)
  2 tengu warriors (D:11)
  Nergalle (Orc:1)
  2 unseen horrors
  A sixfirhy (Lair:6)
  2 swamp dragons (Swamp:3)
  3 orc knights (Orc:1)
  A wizard (Lair:6)
  A harpy (shapeshifter) (D:11)
  6 orc sorcerers
  A deep elf mage (D:15)
  3 manticores
  2 large abominations (Abyss:1)
  4 cyclopes
  An oklob plant (Lair:6)
  A worldbinder (Abyss:1)
  An elephant (Lair:6)
  7 black mambas
  5 ugly things
  A rust devil (Abyss:1)
  2 centaur zombies
  Maurice (Abyss:1)
  A molten gargoyle (Volcano)
  4 centaur skeletons
  16 spiny frogs
  Psyche (D:11)
  2 orange demons (Lair:6)
  A torpor snail (Lair:5)
  2 gargoyles
  A kobold demonologist (D:15)
  4 rime drakes (Lair:6)
  2 efreet
  A komodo dragon (shapeshifter) (D:15)
  10 komodo dragons
  2 ice devils (Lair:6)
  A harpy zombie (D:15)
  A hellwing (Lair:6)
  A red devil (Lair:6)
  A polar bear (Lair:6)
  An ancient zyme (Abyss:1)
  A meliai (D:14)
  4 hornets
  21 slime creatures
  8 trolls
  19 blink frogs
  8 tyrant leeches
  5 bog bodies
  9 hippogriffs
  4 dream sheep (Lair:4)
  2 spriggans
  2 tarantellas
  A tarantella (shapeshifter) (D:15)
  2 vampires
  A redback (Spider:1)
  A ynoxinul (Abyss:1)
  5 wyverns
  3 wraiths
  A basilisk (Lair:2)
  4 water elementals (D:13)
  A hog (Lair:3)
  7 shadows
  41 yaks
  2 fire bats (Volcano)
  12 vampire mosquitoes
  A hungry ghost (D:11)
  A chaos spawn (Abyss:1)
  Menkaure (D:4)
  A soldier ant (shapeshifter) (D:15)
  2 acid dragons
  4 insubstantial wisps (Swamp:3)
  11 water moccasins
  A swamp worm (shapeshifter) (D:15)
  2 soldier ants
  10 swamp worms
  8 wargs
  5 hell hounds
  4 swamp drakes
  A small abomination (Abyss:1)
  6 porcupines
  3 black bears
  2 hornet zombies
  2 sky beasts
  2 ice beasts
  36 orc warriors
  2 eyes of draining
  18 ogres
  2 phantoms
  3 boggarts (D:15)
  21 centaurs
  14 wolves
  A crocodile (shapeshifter) (D:15)
  10 crocodiles
  Blork the orc (Orc:2)
  16 bullfrogs
  A wyvern zombie (D:7)
  A gnoll sergeant (D:12)
  A wyvern skeleton (D:11)
  6 scorpions
  5 killer bees
  8 howler monkeys
  7 wights
  A vampire bat (D:3)
  3 electric eels (D:13)
  6 crimson imps
  4 lava snakes (Volcano)
  A bullfrog zombie (D:4)
  2 quasits
  6 hounds
  2 jellies
  3 bullfrog skeletons (D:5)
  18 orc priests
  5 iguanas
  24 orc wizards
  14 worker ants
  3 killer bee zombies
  Robin (D:3)
  A howler monkey skeleton (D:4)
  A worker ant zombie (D:11)
  3 gnolls (D:12)
  12 adders
  4 shadow imps
  A white imp (Abyss:1)
  An ooze (shapeshifter) (D:15)
  2 oozes
  5 worms
  An adder skeleton (D:6)
  5 dart slugs
  2 leopard geckos
  91 orcs
  5 bats
  3 bat skeletons (D:3)
  2 bat zombies (D:3)
  6 giant cockroaches
  8 hobgoblins
  12 jackals
  5 quokkas
  4 frilled lizards
  15 goblins
  6 kobolds
  A quokka skeleton (D:5)
  A quokka zombie (D:6)
  9 rats
  A plant (Lair:2)
838 creatures vanquished.

Vanquished Creatures (others)
  Kirke (Lair:3)
  The ghost of Menchi the Cleaver, a journeyman FoVM of Dithmenos (D:9)
  An alligator (Lair:3)
  The ghost of dracomuter the Tainter, a journeyman TeVM of Vehumet (D:9)
  A two-headed ogre (Volcano)
  A thrashing horror (Abyss:1)
  2 spriggan riders (Swamp:1)
  A flayed ghost (Abyss:1)
  A molten gargoyle (Volcano)
  A black mamba (Lair:2)
  A guardian serpent (shapeshifter) (D:15)
  A komodo dragon (shapeshifter) (D:15)
  2 tyrant leeches
  A blink frog (Abyss:1)
  A water elemental (D:15)
  A vampire (D:11)
  A human (Swamp:1)
  A swamp worm (Swamp:3)
  An acid dragon (D:15)
  An orc warrior (Orc:1)
  16 fungi
  4 plants
42 creatures vanquished.

Grand Total: 880 creatures vanquished

Notes
Turn   | Place    | Note
-------+----------+-------------------------------------------
     0 | Abyss:1  | Gargoyl the Centaur Abyssal Knight began the quest for the
                  | Orb.
     0 | Abyss:1  | Reached XP level 1. HP: 19/19 MP: 2/2
    44 | Abyss:1  | Noticed a rakshasa
    63 | Abyss:2  | Got an ichor-stained fustibalus
    68 | Abyss:2  | Identified the +6 fustibalus "Texatrai" {venom, rF+} (You
                  | found it on level 2 of the Abyss)
    70 | Abyss:2  | Noticed a rust devil
   112 | Abyss:2  | Noticed a large abomination
   116 | Abyss:2  | Noticed a rust devil
   132 | Abyss:2  | Noticed a large abomination
   146 | D:1      | Escaped the Abyss
   375 | D:1      | Gained mutation: You have sharp fingernails. [potion of
                  | mutation]
   375 | D:1      | Gained mutation: You are partially covered in icy blue
                  | scales. (AC +2) [potion of mutation]
   489 | D:1      | Reached XP level 2. HP: 24/26 MP: 3/3
   580 | D:1      | Reached * piety under Lugonu
   580 | D:1      | Reached skill level 1 in Slings
   643 | D:1      | Lost mutation: You are partially covered in icy blue
                  | scales. (AC +2) [potion of mutation]
   643 | D:1      | Lost mutation: You have sharp fingernails. [potion of
                  | mutation]
   643 | D:1      | Gained mutation: You evolve. [potion of mutation]
   643 | D:1      | Gained mutation: You are robust. (+10% HP) [potion of
                  | mutation]
   643 | D:1      | Gained mutation: Your muscles are strong. (Str +2) [potion
                  | of mutation]
   643 | D:1      | Gained mutation: You passively map a small area around you.
                  | [potion of mutation]
   976 | D:2      | Reached XP level 3. HP: 34/34 MP: 4/4
  1047 | D:2      | Found an iron altar of Okawaru.
  1061 | D:2      | Reached skill level 2 in Slings
  1061 | D:2      | Reached skill level 1 in Dodging
  1651 | D:3      | Reached XP level 4. HP: 41/41 MP: 6/6
  1789 | D:3      | Reached skill level 3 in Slings
  1813 | D:3      | Noticed Robin
  1819 | D:3      | Reached ** piety under Lugonu
  1830 | D:3      | Killed Robin
  1830 | D:3      | Reached XP level 5. HP: 34/49 MP: 7/7
  2192 | D:3      | Found an ancient bone altar of Kikubaaqudgha.
  2423 | D:4      | Found a hazy altar of Hepliaklqana.
  2560 | D:4      | Reached skill level 4 in Slings
  2560 | D:4      | Reached XP level 6. HP: 56/56 MP: 8/8
  2747 | D:4      | Found a staircase to the Ecumenical Temple.
  2747 | D:4      | Noticed Menkaure
  2750 | D:4      | Killed Menkaure
  2899 | D:4      | Gained mutation: Your movements are slightly less
                  | encumbered by armour. (ER -2) [evolution]
  2899 | D:4      | Lost mutation: You evolve. [end of evolution]
  3002 | D:4      | Found a sacrificial altar of Ru.
  3004 | D:4      | Found a glowing golden altar of the Shining One.
  3004 | D:4      | Found an opulent altar of Gozag.
  3004 | D:4      | Found a shimmering altar of Xom.
  3005 | D:4      | Found a basalt altar of Yredelemnul.
  3008 | D:4      | Found a blossoming altar of Fedhas.
  3011 | D:4      | Found a snail-covered altar of Cheibriados.
  3249 | D:5      | Entered Level 5 of the Dungeon
  3294 | D:5      | Noticed a sky beast
  3295 | D:5      | Killed a sky beast
  3295 | D:5      | Reached *** piety under Lugonu
  3295 | D:5      | Reached skill level 5 in Slings
  3295 | D:5      | Reached XP level 7. HP: 63/63 MP: 9/9
  4004 | D:5      | Reached skill level 6 in Slings
  4349 | D:6      | Reached XP level 8. HP: 70/72 MP: 11/11
  4585 | D:6      | Found a radiant altar of Vehumet.
  4847 | D:6      | Reached skill level 7 in Slings
  5110 | D:6      | Found a deep blue altar of Sif Muna.
  5251 | D:7      | Found a sparkling altar of Nemelex Xobeh.
  5263 | D:7      | Reached skill level 5 in Invocations
  5339 | D:7      | Reached **** piety under Lugonu
  5714 | D:7      | Reached skill level 8 in Slings
  6009 | D:8      | Found a shadowy altar of Dithmenos.
  6039 | D:8      | Reached XP level 9. HP: 80/80 MP: 13/13
  6373 | D:9      | Found a white marble altar of Elyvilon.
  6571 | D:9      | Found a staircase to the Lair.
  6572 | D:9      | Noticed a komodo dragon
  6591 | D:9      | Found a runed translucent gate.
  6591 | D:9      | Found a runed translucent gate.
  6592 | D:9      | Found a runed translucent gate.
  6592 | D:9      | Noticed Menchi's ghost (journeyman FoVM)
  6592 | D:9      | Noticed dracomuter's ghost (journeyman TeVM)
  6619 | D:9      | Killed a komodo dragon
  6619 | D:9      | Reached skill level 5 in Fighting
  6671 | D:9      | Found Ryf Hol's Antique Weapon Shop.
  6677 | D:9      | Bought a glowing hand axe for 168 gold pieces
  7108 | D:9      | Reached skill level 9 in Slings
  7267 | D:9      | Noticed an efreet
  7590 | D:9      | Noticed a flayed ghost
  7666 | D:9      | Killed an efreet
  7666 | D:9      | Reached skill level 1 in Throwing
  7763 | D:9      | Banished a flayed ghost
  7924 | D:9      | Noticed a two-headed ogre
  7943 | D:9      | Killed a two-headed ogre
  7943 | D:9      | Reached XP level 10. HP: 91/91 MP: 14/14
  7992 | D:9      | Noticed a centaur warrior
  8000 | D:9      | Killed a centaur warrior
  8000 | D:9      | Reached skill level 10 in Slings
  8509 | Lair:1   | Entered Level 1 of the Lair of Beasts
  9043 | Lair:1   | Noticed Harold
  9058 | Lair:1   | Killed Harold
  9058 | Lair:1   | Reached skill level 5 in Armour
  9265 | Lair:1   | Reached skill level 5 in Dodging
  9299 | Lair:1   | Noticed Gastronok
  9312 | Lair:1   | Killed Gastronok
  9312 | Lair:1   | Reached skill level 11 in Slings
  9312 | Lair:1   | Reached XP level 11. HP: 66/100 MP: 16/16
 12350 | Lair:3   | Noticed a five-headed hydra
 12350 | Lair:3   | Noticed a six-headed hydra
 12354 | Lair:3   | Found a staircase to the Swamp.
 12362 | Lair:3   | Found a hole to the Spider Nest.
 12709 | Lair:3   | Reached ***** piety under Lugonu
 12709 | Lair:3   | Reached skill level 12 in Slings
 12947 | Lair:3   | Killed a five-headed hydra
 12947 | Lair:3   | Reached XP level 12. HP: 110/110 MP: 18/18
 13834 | Lair:3   | Found the +8 whip "Snakebite" {curare, rPois}
 13895 | Lair:3   | Killed a six-headed hydra
 15891 | Lair:5   | Found a dark tunnel.
 15901 | Volcano  | Entered a volcano
 16324 | Volcano  | Found a bloodstained altar of Trog.
 16324 | Volcano  | Noticed a two-headed ogre
 16324 | Volcano  | Noticed an ogre mage
 16324 | Volcano  | Noticed a two-headed ogre
 16324 | Volcano  | Noticed a two-headed ogre
 16336 | Volcano  | Killed a two-headed ogre
 16362 | Volcano  | Killed a two-headed ogre
 16383 | Volcano  | Banished a two-headed ogre
 16410 | Volcano  | Killed an ogre mage
 16410 | Volcano  | Reached skill level 13 in Slings
 16410 | Volcano  | HP: 2/112 [something (36)]
 16896 | Volcano  | Noticed a red draconian
 16911 | Volcano  | Killed a red draconian
 17542 | Volcano  | Noticed a two-headed ogre
 17549 | Volcano  | Killed a two-headed ogre
 18888 | Lair:5   | Reached XP level 13. HP: 69/118 MP: 20/20
 18902 | Lair:5   | Got a crystal whip
 18903 | Lair:5   | Identified the +10 whip of Doubt {flame, rPois rF+ Str+7}
                  | (You found it on level 5 of the Lair of Beasts)
 20170 | Lair:6   | Entered Level 6 of the Lair of Beasts
 20719 | Lair:6   | Reached skill level 10 in Invocations
 21708 | Lair:6   | Found a burning altar of Makhleb.
 22527 | Lair:6   | Found a gateway to Hell.
 22651 | Lair:6   | Found a viscous altar of Jiyva.
 22652 | Lair:6   | Found a staircase to the Slime Pits.
 22697 | Lair:6   | Reached skill level 14 in Slings
 23382 | D:9      | Banished dracomuter's ghost
 23383 | D:9      | Banished Menchi's ghost
 23627 | D:10     | Entered Level 10 of the Dungeon
 23829 | D:10     | Reached XP level 14. HP: 129/129 MP: 21/21
 24162 | D:10     | Found Uvaebbod's Gadget Emporium.
 24523 | D:11     | Found Ugunirei's Distillery.
 24527 | D:11     | Bought a potion of heal wounds for 65 gold pieces
 24904 | D:11     | Identified the Reference Book on Snow
 25007 | D:11     | Noticed Psyche
 25013 | D:11     | Killed Psyche
 25525 | D:11     | Reached skill level 10 in Fighting
 25665 | D:11     | Found a staircase to the Orcish Mines.
 25789 | D:11     | Reached ****** piety under Lugonu
 26580 | D:12     | Found Acif's Antique Armour Shop.
 26619 | D:12     | Bought a shield for 148 gold pieces
 27884 | D:13     | Found a gate to the Vaults.
 27900 | D:13     | Noticed Nessos
 27908 | D:13     | Killed Nessos
 28583 | D:13     | Reached skill level 10 in Armour
 29355 | D:14     | Reached skill level 15 in Slings
 29867 | D:14     | Reached skill level 1 in Shields
 30197 | D:15     | Entered Level 15 of the Dungeon
 30312 | D:14     | Reached XP level 15. HP: 126/140 MP: 23/23
 30645 | D:15     | Found Emapruc's Gadget Emporium.
 30804 | D:15     | Found a runed translucent gate.
 30804 | D:15     | Found a runed translucent gate.
 30806 | D:15     | Found a runed translucent gate.
 30806 | D:15     | Noticed grerr's ghost (adept DsAK)
 30995 | D:15     | Noticed Jorgrun
 31044 | D:15     | Killed Jorgrun
 31300 | D:15     | HP: 2/141 [very large slime creature (45)]
 31869 | D:15     | Reached skill level 5 in Axes
 31879 | D:15     | Found a staircase to the Depths.
 32019 | D:15     | Lost mutation: You are robust. (+10% HP) [potion of
                  | mutation]
 32019 | D:15     | Lost mutation: Your muscles are strong. (Str +2) [potion of
                  | mutation]
 32019 | D:15     | Lost mutation: You passively map a small area around you.
                  | [potion of mutation]
 32019 | D:15     | Gained mutation: Scrolls take you a little longer to read.
                  | [potion of mutation]
 32019 | D:15     | Gained mutation: You are partially covered in large bone
                  | plates. (SH +4) [potion of mutation]
 32019 | D:15     | Gained mutation: Your muscles are strong. (Str +2) [potion
                  | of mutation]
 32020 | D:15     | Lost mutation: Your muscles are strong. (Str +2) [potion of
                  | mutation]
 32020 | D:15     | Gained mutation: You are resistant to electric shocks.
                  | (rElec) [potion of mutation]
 32020 | D:15     | Gained mutation: Your muscles are strong. (Str +2) [potion
                  | of mutation]
 32021 | D:15     | Lost mutation: Your movements are slightly less encumbered
                  | by armour. (ER -2) [potion of mutation]
 32021 | D:15     | Lost mutation: You are partially covered in large bone
                  | plates. (SH +4) [potion of mutation]
 32021 | D:15     | Gained mutation: Your spells are a little easier to cast,
                  | but a little less powerful. [potion of mutation]
 32021 | D:15     | Lost mutation: You are resistant to electric shocks.
                  | (rElec) [potion of mutation]
 32021 | D:15     | Gained mutation: You are covered in fur. (AC +1) [potion of
                  | mutation]
 32022 | D:15     | Lost mutation: You are covered in fur. (AC +1) [potion of
                  | mutation]
 32022 | D:15     | Lost mutation: Scrolls take you a little longer to read.
                  | [potion of mutation]
 32022 | D:15     | Gained mutation: You are clumsy. (Dex -2) [potion of
                  | mutation]
 32022 | D:15     | Gained mutation: You are somewhat resistant to further
                  | mutation. [potion of mutation]
 32022 | D:15     | Gained mutation: Your system is resistant to poisons.
                  | (rPois) [potion of mutation]
 32693 | D:14     | Reached skill level 1 in Earth Magic
 32693 | D:14     | Reached skill level 1 in Evocations
 32693 | D:14     | Reached XP level 16. HP: 137/137 MP: 23/25
 32694 | D:14     | Reached XP level 17. HP: 144/144 MP: 23/26
 32998 | D:15     | Banished grerr's ghost
 33245 | Orc:1    | Entered Level 1 of the Orcish Mines
 33542 | Orc:2    | Entered Level 2 of the Orcish Mines
 33543 | Orc:2    | Found a staircase to the Elven Halls.
 33946 | Orc:2    | Noticed Maurice
 33973 | Orc:1    | Banished Maurice
 34470 | Orc:2    | Noticed Blork the orc
 34770 | Orc:1    | Noticed Nergalle
 34772 | Orc:1    | Found Ziqic's Distillery.
 34791 | Orc:1    | Killed Nergalle
 34866 | Orc:1    | Bought a potion of heal wounds for 70 gold pieces
 34866 | Orc:1    | Bought a potion of heal wounds for 70 gold pieces
 35671 | Orc:2    | Killed Blork the orc
 36189 | Orc:2    | Found a roughly hewn altar of Beogh.
 36450 | Orc:2    | Found Byxomyrph's Book Emporium.
 36472 | Orc:2    | Found Erixt's Antique Weapon Emporium.
 36476 | Orc:2    | Found Migofut's Antique Armour Emporium.
 36499 | Orc:2    | Found Zisayjats's General Store.
 36548 | Orc:2    | Bought a runed broad axe for 168 gold pieces
 37269 | Spider:1 | Entered Level 1 of the Spider Nest
 37364 | Swamp:1  | Entered Level 1 of the Swamp
 37958 | Swamp:1  | Noticed Kirke
 37976 | Lair:3   | Killed Kirke
 40148 | Swamp:2  | HP: 6/146 [thorn hunter (14)]
 40157 | Swamp:2  | HP: 3/146 [thorn hunter (7)]
 40375 | Abyss:1  | Killed Maurice
 40426 | Abyss:1  | Reached XP level 18. HP: 18/154 MP: 27/27
 40703 | Swamp:2  | Escaped the Abyss
 42253 | Swamp:3  | HP: 7/154 [insubstantial wisp/static electricity (1)]
 42253 | Swamp:3  | Killed from afar by an insubstantial wisp

Skill      XL: |  1  2  3  4  5  6  7  8  9 10 11 12 13 14 15 16 17 18 |
---------------+-------------------------------------------------------+-----
Slings         | 1 2 3 4 5 6 8 9 11 12 13 14 15 | 15.7
Dodging        | 1 2 3 4 5 6 7 8 9 |  9.6
Invocations    | 3 4 5 6 7 8 9 10 11 12 13 | 13.3
Armour         | 2 3 4 5 6 8 9 10 11 | 11.7
Axes           | 2 3 4 5 6 7 |  7.2
Fighting       | 4 5 6 7 8 9 10 11 12 | 12.1
Throwing       | 1 2 |  2.7
Shields        | 1 2 3 |  3.5
Earth Magic    | 1 2 |  2.6
Evocations     | 1 |  1.6
Maces & Flails | |  0.8

Action                   |  1- 3 |  4- 6 |  7- 9 | 10-12 | 13-15 | 16-18 || total
-------------------------+-------+-------+-------+-------+-------+-------++-------
Melee: Hand axe          |     6 |       |       |       |       |       ||     6
       Kick              |     1 |     3 |     3 |    43 |    75 |   197 ||   322
       War axe           |       |    10 |    16 |   135 |   167 |   283 ||   611
       Whip              |       |       |       |       |    38 |       ||    38
       Broad axe         |       |       |       |       |     5 |   382 ||   387
       Fustibalus        |       |       |       |       |     3 |       ||     3
 Fire: Fustibalus        |    88 |   106 |   237 |   476 |  1472 |   520 ||  2899
Throw: Stone             |       |       |    31 |       |       |       ||    31
Invok: Depart the Abyss  |     1 |       |       |       |       |     1 ||     2
       Banish            |       |       |     1 |     4 |    11 |    28 ||    44
       Bend Space        |       |       |       |     3 |     3 |     8 ||    14
       Enter the Abyss   |       |       |       |       |       |     1 ||     1
  Use: Scroll            |    12 |     9 |     9 |     7 |    12 |     7 ||    56
       Potion            |     2 |       |       |     8 |     8 |    16 ||    34
  Eat: Chunk             |       |     9 |     6 |    15 |    22 |    16 ||    68
       Ration            |       |       |     1 |     4 |     5 |     6 ||    16
Armor: Leather armour    |    13 |       |       |       |       |       ||    13
       Chain mail        |     2 |    68 |     6 |    73 |   475 |    19 ||   643
       Plate armour      |       |       |    71 |   127 |       |   780 ||   978
       Scale mail        |       |       |       |     1 |       |       ||     1
Dodge: Dodged            |    15 |    22 |    27 |   145 |   330 |   300 ||   839
       Deflected         |       |       |       |       |    42 |    14 ||    56
Block: Shield            |       |       |       |       |   218 |   591 ||   809
